Map: Arctic Dream LE

Players

noobella

  • Race: Protoss Protoss
  • Spawn Location: 6:00

Teodora

  • Race: Protoss Protoss
  • League: Diamond
  • Spawn Location: 5:00

qqq - Winner!

  • Race: Zerg Zerg
  • League: Platinum
  • Spawn Location: 11:00

Massa - Winner!

  • Race: Terran Terran
  • League: Gold
  • Spawn Location: 12:00

VOD

Have the link to the VOD?

Description

Time

  • Played on: July 25, 2020, 9:56 a.m.
  • Length: 7:27
Show
View Real Time Build Order
Export as new Build Order

noobella Protoss 

Build Orders:  

Get SALT Encoding   

  12  0:03  Probe  
  13  0:15  Probe  
  14  0:21  Pylon  
  14  0:30  Probe  
  15  0:43  Gateway  
  15  0:49  Gateway  
  15  0:50  Probe  
  16  1:02  Probe  
  17  1:06  Assimilator  
  17  1:11  Probe  
  17  1:17  Assimilator  
  18  1:20  Probe  
  19  1:29  Probe  
  19  1:32  Cybernetics Core  
  20  1:41  Probe  
  20  1:43  Pylon  
  21  1:53  Probe  
  22  1:59  Stalker  
  22  2:05  Probe  
  23  2:11  Warp Gate  
  25  2:17  Probe  
  25  2:21  Twilight Council  
  26  2:34  Zealot  
  28  2:42  Robotics Facility  
  28  2:44  Charge  
  30  3:05  Gateway, Zealot  
  30  3:10  Pylon  
  30  3:21  Warp Prism  
  30  3:33  Gateway  
  32  3:42  Gateway  
  32  4:05  Zealot  
  32  4:06  Zealot  
  32  4:09  Pylon  
  36  4:25  Pylon  
  36  4:49  Zealot x4  
  36  4:50  Zealot  
  46  5:01  Dark Shrine  
  42  5:11  Zealot x4  
  50  5:32  Zealot x3  
  52  6:05  Zealot  
  48  6:17  Pylon  
  48  6:20  Pylon  
  48  6:21  Dark Templar x3  
  48  6:22  Pylon  
  32  6:49  Dark Templar x2  
  36  7:07  Dark Templar x3  
Show
View Real Time Build Order
Export as new Build Order

Teodora Protoss 

Build Orders:  

Get SALT Encoding   

  12  0:01  Probe  
  13  0:13  Probe  
  14  0:17  Pylon  
  14  0:25  Probe  
  15  0:36  Probe, Gateway  
  16  0:44  Probe  
  17  0:50  Assimilator  
  17  0:54  Probe  
  18  1:03  Probe  
  18  1:11  Probe  
  20  1:24  Cybernetics Core  
  20  1:25  Probe  
  22  1:46  Nexus  
  22  1:49  Pylon  
  21  2:00  Assimilator, Adept  
  21  2:01  Warp Gate  
  23  2:10  Probe  
  24  2:21  Pylon  
  24  2:22  Probe  
  25  2:29  Shield Battery  
  25  2:34  Probe, Sentry  
  28  2:46  Probe  
  29  2:57  Probe  
  29  2:58  Probe, Robotics Facility  
  30  3:00  Stalker  
  33  3:07  Probe  
  33  3:10  Probe  
  35  3:18  Gateway  
  35  3:22  Pylon  
  35  3:24  Probe  
  35  3:26  Probe  
  37  3:39  Probe, Gateway  
  37  3:40  Shield Battery  
  38  3:50  Observer  
  38  3:51  Probe x2  
  38  3:52  Stalker  
  43  4:01  Robotics Bay  
  43  4:03  Probe x2, Pylon  
  45  4:10  Immortal  
  45  4:15  Probe  
  50  4:26  Stalker  
  44  4:35  Stalker  
  24  4:53  Gateway x2  
  24  5:06  Forge  
  24  5:11  Pylon  
  24  5:19  Zealot  
  21  5:28  Cybernetics Core  
  14  5:49  Photon Cannon  
  2  6:35  Observer  
Show
View Real Time Build Order
Export as new Build Order

qqq Zerg - Winner!

Build Orders: Hatch First 

Get SALT Encoding   

  12  0:01  Drone  
  13  0:09  Drone  
  14  0:35  Hatchery  
  13  0:41  Drone  
  14  0:55  Spawning Pool  
  13  1:02  Overlord  
  13  1:06  Drone  
  13  1:10  Extractor  
  13  1:12  Drone  
  14  1:20  Drone  
  15  1:37  Drone  
  16  1:41  Drone  
  16  1:45  Queen  
  16  1:46  Drone  
  20  1:51  Drone  
  21  1:57  Drone  
  21  2:00  Drone  
  23  2:06  Queen  
  25  2:12  Overlord  
  25  2:16  Drone  
  25  2:19  Zergling x2  
  27  2:24  Metabolic Boost  
  27  2:28  Drone  
  28  2:33  Overlord  
  28  2:38  Drone  
  28  2:42  Drone  
  28  2:43  Zergling x2  
  31  2:50  Zergling x2  
  32  2:55  Zergling x4, Overlord  
  32  2:57  Drone  
  35  3:03  Drone  
  35  3:04  Zergling x2  
  37  3:13  Zergling x2  
  37  3:14  Zergling x2  
  37  3:15  Zergling x4  
  37  3:16  Zergling x2  
  42  3:26  Zergling x6  
  45  3:28  Drone  
  45  3:30  Zergling x2  
  47  3:42  Zergling x2  
  47  3:44  Overlord  
  48  3:50  Zergling x2  
  48  3:51  Drone, Zergling x2  
  51  3:58  Zergling x2  
  51  4:00  Overlord  
  51  4:01  Overlord  
  52  4:09  Hatchery, Zergling x2  
  52  4:12  Spore Crawler  
  52  4:14  Spore Crawler  
  49  4:28  Zergling x6  
  49  4:29  Zergling x6  
  49  4:30  Zergling x6  
  54  4:50  Zergling x8  
  54  4:51  Zergling x2  
  56  5:01  Zergling x2  
  45  5:21  Zergling x2  
  45  5:22  Roach Warren, Zergling x4  
  45  5:27  Zergling x2  
  45  5:28  Zergling x4  
  47  5:45  Zergling x8  
  47  5:46  Zergling x4  
  47  5:47  Zergling x6  
  54  5:54  Spine Crawler  
  54  5:55  Spine Crawler  
  54  5:56  Spine Crawler  
  45  6:14  Zergling x4  
  45  6:15  Drone x3, Zergling x4  
  46  6:50  Roach x4  
  46  6:51  Roach x4  
  62  6:54  Drone, Spore Crawler  
  62  6:55  Drone x2  
  62  6:57  Roach  
  66  7:07  Drone  
  67  7:13  Drone x2  
Show
View Real Time Build Order
Export as new Build Order

Massa Terran - Winner!

Build Orders:  

Get SALT Encoding   

  12  0:01  SCV  
  13  0:13  Supply Depot  
  13  0:18  SCV  
  14  0:30  SCV  
  15  0:37  Barracks  
  15  0:42  SCV  
  16  0:54  SCV, Supply Depot  
  17  1:06  SCV  
  17  1:09  Refinery  
  18  1:19  SCV  
  19  1:26  Barracks  
  19  1:36  Barracks  
  19  1:37  Marine  
  20  1:51  Barracks  
  20  1:55  Marine  
  20  1:59  Orbital Command  
  21  2:13  Marine  
  21  2:14  Marine  
  23  2:26  Supply Depot  
  23  2:28  Marine  
  24  2:30  Marine  
  24  2:32  Marine  
  26  2:42  Marine  
  26  2:46  Marine  
  26  2:48  Marine  
  26  2:50  Marine  
  29  3:00  Marine  
  29  3:05  Barracks Tech Lab  
  30  3:06  Marine  
  30  3:08  Marine  
  30  3:12  SCV  
  33  3:18  Marine  
  34  3:24  Marine, Command Center  
  34  3:25  Marine  
  34  3:26  Marauder  
  38  3:35  Marine  
  39  3:48  Supply Depot  
  39  3:57  Supply Depot  
  39  3:59  Barracks Tech Lab  
  39  4:09  Marine x2  
  43  4:10  Marauder  
  43  4:16  Engineering Bay  
  45  4:31  Marauder  
  45  4:51  Marauder, Marine x2  
  45  4:52  Marauder  
  38  5:08  Marine  
  38  5:09  Marine  
  38  5:12  Marine  
  38  5:14  Marauder  
  42  5:26  Marine  
  29  5:59  Orbital Command  
  29  6:33  SCV  
  30  6:51  Supply Depot  
  30  6:56  SCV  
  27  7:08  SCV  
Tags
 
Add a new tag
Caveats
  • Supply blocks, unpowered buildings, or Contaminate may cause inaccurate times.
  • Supply counts are checked every 10 seconds.